 Dungeon Crawl Stone Soup version 0.21.1-1-g345015fe64 (webtiles) character file.

8871 Pisosu the Thaumaturge (level 11, -13/71 HPs)
             Began as a Mummy Fire Elementalist on July 31, 2018.
             Was a Priest of Vehumet.
             Engulfed by a cloud of flame (18 damage)
             ... on level 10 of the Dungeon.
             The game lasted 01:17:52 (25748 turns).

Pisosu the Thaumaturge (Mummy Fire Elementalist)   Turns: 25748, Time: 01:17:53

Health: -13/71     AC:  3    Str: 11    XL:     11   Next: 15%
Magic:  5/36       EV: 13    Int: 19    God:    Vehumet [***...]
Gold:   529        SH:  0    Dex: 12    Spells: 16/35 levels left

rFire    . . .     SeeInvis .   c - +3 spear (venom)
rCold    . . .     Gourm    .   (no shield)
rNeg     + + +     Faith    +   o - +0 robe {rN+}
rPois    ∞         Spirit   .   D - +1 hat
rElec    .         Reflect  .   (no cloak)
rCorr    .         Harm     .   (no gloves)
MR       +....                  (no boots)
Stlth    ++........             f - amulet of faith
HPRegen  0.21/turn              u - ring of fire
MPRegen  0.25/turn              e - ring of magical power

@: very slightly contaminated
A: no food or potions, fire vulnerability, cold resistance 1, negative energy
resistance 3, torment resistance, unbreathing
a: Renounce Religion


You were on level 10 of the Dungeon.
You worshipped Vehumet.
Vehumet was most pleased with you.
You were not hungry.

You visited 2 branches of the dungeon, and saw 11 of its levels.

You collected 529 gold pieces.

Inventory:

Hand Weapons
 c - a +3 spear of venom (weapon)
 g - a +0 halberd
 i - a +1 whip of venom
 j - a +0 falchion
 k - a +0 flail
 q - a +0 hand axe
 r - a +0 mace
 B - a +0 scimitar
 F - a +0 falchion
Armour
 a - a +0 robe
 o - a +0 robe of positive energy (worn)
 D - a +1 hat (worn)
Jewellery
 e - a ring of magical power (right hand)
 f - an amulet of faith (around neck)
 h - an uncursed ring of protection from cold
 p - an uncursed ring of stealth
 s - an uncursed ring of stealth
 u - a ring of fire (left hand)
 w - an uncursed ring of protection from cold
 C - an uncursed ring of resist corrosion {unknown}
 G - an uncursed ring of protection from cold
Wands
 m - a wand of iceblast (9)
 t - a wand of paralysis (21)
 E - a wand of polymorph (12)
Scrolls
 d - 3 scrolls of enchant weapon
 l - a scroll of fog {unknown}
 n - a scroll of magic mapping
 v - 7 scrolls of remove curse
 x - 2 scrolls of immolation
 A - a scroll of identify
Books
 b - a book of Flames

   Spells                             Type                      Level
   a - Flame Tongue                   Conjuration/Fire             1
   b - Throw Flame                    Conjuration/Fire             2
   c - Conjure Flame                  Conjuration/Fire             3
   d - Inner Flame                    Hexes/Fire                   3
   e - Sticky Flame                   Conjuration/Fire             4
   f - Fireball                       Conjuration/Fire             5
 y - a book of Callings

   Spells                             Type                      Level
   a - Summon Small Mammal            Summoning                    1
   b - Call Imp                       Summoning                    2
   c - Call Canine Familiar           Summoning                    3
   d - Summon Guardian Golem          Hexes/Summoning              3
   e - Summon Lightning Spire         Summoning/Air                4
   f - Summon Ice Beast               Ice/Summoning                4
 z - a Young Poisoner's Handbook

   Spells                             Type                      Level
   a - Sting                          Conjuration/Poison           1
   b - Poisonous Vapours              Poison/Air                   2
   c - Mephitic Cloud                 Conjuration/Poison/Air       3
   d - Olgreb's Toxic Radiance        Poison                       4
   e - Venom Bolt                     Conjuration/Poison           5
Miscellaneous
 H - a fan of gales


   Skills:
 - Level 1.4 Fighting
 - Level 0.7 Polearms
 - Level 2.8 Dodging
 - Level 1.6 Stealth
 * Level 12.6 Spellcasting
 * Level 7.9 Conjurations
 * Level 8.4 Fire Magic
 + Level 0.3 Air Magic


You had 16 spell levels left.
You knew the following spells:

 Your Spells              Type           Power        Failure   Level  Hunger
a - Flame Tongue          Conj/Fire      #####        1%          1    N/A
b - Throw Flame           Conj/Fire      ######       1%          2    N/A
c - Conjure Flame         Conj/Fire      ######..     1%          3    N/A
d - Sticky Flame          Conj/Fire      ######..     1%          4    N/A
e - Fireball              Conj/Fire      ######....   1%          5    N/A
f - Airstrike             Air            ##........   13%         4    N/A

Dungeon Overview and Level Annotations

Branches:
Dungeon (10/15)            Temple (1/1) D:5
   Lair: D:8-11         Orc: D:9-12

Altars:
Ashenzari
Cheibriados
Dithmenos
Elyvilon
Fedhas
Gozag
Hepliaklqana
Kikubaaqudgha
Makhleb
Nemelex Xobeh
Okawaru
Qazlal
Ru
Sif Muna
Trog
Uskayaw
Vehumet
Wu Jian
Xom
Yredelemnul
Zin
The Shining One


Innate Abilities, Weirdness & Mutations

You do not eat or drink.
Your flesh is vulnerable to fire.
You are immune to poison.
Your flesh is cold resistant. (rC+)
You are immune to negative energy. (rN+++)
You are immune to unholy pain and torment.
You can survive without breathing.


Message History

Confirm with . or Enter, or press ? or * to list all spells.
Aiming: Airstrike
Press: ? - help, Dir - move target cursor, f/p - fire crab
Aim: a fire crab (severely wounded)
The air twists around and strikes the fire crab!
The fire crab is almost dead.
The fire crab breathes flames at you. The blast of flame misses you.
You are engulfed in blazing flames.
* * * LOW HITPOINT WARNING * * *
Casting: Airstrike
Confirm with . or Enter, or press ? or * to list all spells.
Aiming: Airstrike
Press: ? - help, Dir - move target cursor, f/p - fire crab
Aim: a fire crab (almost dead)
The air twists around and strikes the fire crab!
You kill the fire crab!
Vehumet accepts your kill.
You feel your power returning.
You are engulfed in blazing flames.
You die...

#########
#§§§§...#+###
#.§.@....[..#
#.§§§†......#
######......#
#......# #
####.### #.
..#.#
###.###.#.#
......§§#.#
...)?.#.#§####


There were no monsters in sight!

Vanquished Creatures
  3 two-headed ogres (D:8)
  A fire crab (D:10)
  Pikel (D:9)
  A wolf spider (D:10)
  An oklob plant (D:9)
  A dream sheep (D:7)
  3 hippogriffs
  A wyvern (D:9)
  2 hungry ghosts
  An acid dragon (D:10)
  A water moccasin (D:8)
  A black bear (D:7)
  An ice beast (D:7)
  3 orc warriors
  A phantom (D:8)
  A sky beast (D:6)
  An eye of draining (D:10)
  A necrophage (D:6)
  2 centaurs (D:6)
  6 ogres
  A crocodile (D:8)
  A bullfrog (D:6)
  The ghost of Fascinator the Shooter, an amateur SpHu (D:3)
  A scorpion (D:5)
  11 killer bees
  A howler monkey (D:9)
  A crimson imp (D:8)
  A centaur zombie (D:7)
  7 orc priests
  3 jellies
  3 hounds
  A bullfrog skeleton (D:10)
  3 centaur skeletons
  12 worker ants
  4 iguanas
  8 orc wizards
  A killer bee zombie (D:6)
  A hound zombie (D:5)
  2 hound skeletons
  2 worker ant zombies
  12 adders
  7 gnolls
  2 oozes
  2 adder skeletons
  5 worms
  3 dart slugs
  6 leopard geckos
  32 orcs
  4 ball pythons
  5 giant cockroaches
  8 goblins
  5 hobgoblins
  6 jackals
  3 quokkas
  8 bats
  6 frilled lizards
  14 kobolds
  11 rats
  4 fungi (D:9)
  10 plants (D:9)
251 creatures vanquished.

Vanquished Creatures (others)
  4 dream sheep (D:7)
4 creatures vanquished.

Grand Total: 255 creatures vanquished

Notes
Turn   | Place    | Note
-------+----------+-------------------------------------------
     0 | D:1      | Pisosu the Mummy Fire Elementalist began the quest for the Orb.
     0 | D:1      | Reached XP level 1. HP: 13/13 MP: 4/4
    98 | D:1      | Reached skill level 3 in Spellcasting
   109 | D:1      | Reached XP level 2. HP: 13/19 MP: 3/6
   508 | D:1      | Reached skill level 1 in Conjurations
   592 | D:1      | Reached XP level 3. HP: 25/25 MP: 2/7
   596 | D:1      | Learned a level 2 spell: Throw Flame
  3203 | D:2      | Reached XP level 4. HP: 30/31 MP: 0/9
  4517 | D:2      | Found an iron altar of Okawaru.
  5178 | D:3      | Reached skill level 4 in Spellcasting
  5275 | D:3      | Noticed Fascinator's ghost (amateur SpHu)
  5800 | D:3      | Killed Fascinator's ghost
  5800 | D:3      | Reached XP level 5. HP: 27/36 MP: 1/11
  6388 | D:3      | Noticed an ogre
  6398 | D:3      | Killed an ogre
  6779 | D:3      | Learned a level 3 spell: Conjure Flame
  7862 | D:3      | Reached XP level 6. HP: 42/42 MP: 10/13
  8121 | D:3      | Reached skill level 5 in Spellcasting
  9389 | D:4      | Reached skill level 1 in Fighting
 10226 | D:5      | Entered Level 5 of the Dungeon
 11666 | D:5      | Reached XP level 7. HP: 21/48 MP: 13/15
 11941 | D:5      | Learned a level 4 spell: Sticky Flame
 11981 | D:5      | Reached skill level 6 in Spellcasting
 13271 | D:5      | Found a staircase to the Ecumenical Temple.
 13279 | Temple   | Entered the Ecumenical Temple
 13314 | Temple   | Became a worshipper of Vehumet
 14665 | D:4      | Reached skill level 7 in Spellcasting
 15071 | D:4      | Reached XP level 8. HP: 54/54 MP: 12/19
 15742 | D:6      | Reached skill level 8 in Spellcasting
 15742 | D:6      | Reached skill level 5 in Fire Magic
 16617 | D:6      | Found a shattered altar of Ashenzari.
 16617 | D:6      | Found a burning altar of Makhleb.
 16778 | D:6      | Found a white marble altar of Elyvilon.
 16808 | D:6      | Reached * piety under Vehumet
 16808 | D:6      | Offered knowledge of Sting by Vehumet.
 16815 | D:6      | Learned a level 5 spell: Fireball
 17914 | D:7      | Reached skill level 9 in Spellcasting
 17914 | D:7      | Reached XP level 9. HP: 59/59 MP: 21/22
 18347 | D:7      | Reached skill level 5 in Conjurations
 19059 | D:7      | Found a shimmering altar of Xom.
 19940 | D:8      | Reached skill level 10 in Spellcasting
 19942 | D:8      | Reached ** piety under Vehumet
 19942 | D:8      | Offered knowledge of Magic Dart by Vehumet.
 20464 | D:8      | Noticed a two-headed ogre
 20467 | D:8      | Noticed a two-headed ogre
 20484 | D:8      | Killed a two-headed ogre
 20484 | D:8      | Reached XP level 10. HP: 29/66 MP: 12/24
 20689 | D:8      | Found an ornate altar of the Wu Jian Council.
 20761 | D:8      | Reached skill level 11 in Spellcasting
 21053 | D:8      | Killed a two-headed ogre
 21232 | D:8      | Offered knowledge of Ignite Poison by Vehumet.
 22076 | D:8      | Noticed a two-headed ogre
 22079 | D:8      | Killed a two-headed ogre
 22942 | D:8      | Reached *** piety under Vehumet
 23303 | D:9      | Noticed Pikel
 23309 | D:9      | Killed Pikel
 23309 | D:9      | Reached skill level 12 in Spellcasting
 23606 | D:9      | Found a blossoming altar of Fedhas.
 23623 | D:9      | Noticed an oklob plant
 24185 | D:9      | Killed an oklob plant
 24725 | D:10     | Entered Level 10 of the Dungeon
 24895 | D:10     | Noticed a wolf spider
 24902 | D:10     | HP: 1/66 [wolf spider (10)]
 24903 | D:10     | Killed a wolf spider
 24903 | D:10     | Reached XP level 11. HP: 1/71 MP: 23/27
 25474 | D:10     | Offered knowledge of Airstrike by Vehumet.
 25713 | D:10     | Learned a level 4 spell: Airstrike
 25729 | D:10     | Noticed a fire crab
 25748 | D:10     | Killed a fire crab
 25748 | D:10     | Engulfed by a cloud of flame

Skill      XL: |  1  2  3  4  5  6  7  8  9 10 |
---------------+-------------------------------+-----
Spellcasting   | 3 4 5 7 9 10 12 | 12.6
Dodging        | 2 |  2.8
Conjurations   | 1 2 3 4 6 7 |  7.9
Fire Magic     | 3 4 5 6 8 |  8.4
Fighting       | 1 |  1.4
Polearms       | |  0.7
Stealth        | |  1.6
Air Magic      | |  0.3

Action                   |  1- 3 |  4- 6 |  7- 9 | 10-12 || total
-------------------------+-------+-------+-------+-------++-------
Melee: Spear             |    41 |    23 |    11 |   186 ||   261
 Cast: Flame Tongue      |    40 |    63 |   141 |    17 ||   261
       Throw Flame       |    30 |    94 |   143 |    44 ||   311
       Conjure Flame     |       |     2 |    15 |     2 ||    19
       Sticky Flame      |       |       |    23 |     6 ||    29
       Fireball          |       |       |       |    45 ||    45
       Airstrike         |       |       |       |     9 ||     9
  Use: Scroll            |     2 |     6 |     9 |     3 ||    20
Armor: Robe              |    14 |    15 |     4 |     1 ||    34
Dodge: Dodged            |    49 |    54 |    53 |    26 ||   182
